 Dungeon Crawl Stone Soup version 0.30.0-15-g856e2d3f33 (webtiles) character file.

Game seed: 5712553696083965241

14 freelancePsychic the Ducker (level 2, 25/25 HPs)
             Began as a Draconian Wanderer on May 18, 2023.
             Was an Initiate of Gozag.
             Quit the game on level 1 of the Dungeon.
             The game lasted 00:00:52 (361 turns).

freelancePsychic the Ducker (Draconian Wanderer)     Turns: 361, Time: 00:00:52

Health: 25/25      AC:  6    Str: 12    XL:     2   Next: 27%
Magic:  3/3        EV: 13    Int: 10    God:    Gozag
Gold:   35         SH:  0    Dex: 14    Spells: 3/3 levels left

rFire   . . .        a - +0 quarterstaff
rCold   . . .        (shield currently unavailable)
rNeg    . . .        (body armour unavailable)
rPois   .            b - +2 hat
rElec   .            (no cloak)
rCorr   .            (no gloves)
SInv    .            (no boots)
Will    .....        (no amulet)
Stlth   ++           (no ring)
HPRegen 0.24/turn    (no ring)
MPRegen 0.08/turn

%: no passive effects
@: no status effects
A: AC +4, unfitting armour, cold-blooded
a: Renounce Religion, Potion Petition, Call Merchant, Bribe Branch


You were on level 1 of the Dungeon.
You worshipped Gozag.
Gozag was noncommittal.
You visited 1 branch of the dungeon, and saw 1 of its levels.

You collected 35 gold pieces.

Inventory:

Hand Weapons
 a - a +0 quarterstaff (weapon)
Armour
 b - a +2 hat (worn)
Scrolls
 c - a scroll of teleportation {@r4}
 e - a scroll of magic mapping {unknown}
 f - a scroll of immolation
 g - a scroll of identify {unknown}
Potions
 d - a potion of brilliance
 h - a potion of cancellation {unknown}


   Skills:
 + Level 2.5 Fighting
 * Level 2.5 Staves
 - Level 4.5 Dodging
 + Level 0.7 Stealth
 - Level 1.0 Spellcasting


You had 3 spell levels left.
You didn't know any spells.
Your spell library was empty.

Dungeon Overview and Level Annotations

Branches:
Dungeon (1/15)

Altars:
Gozag


Innate Abilities, Weirdness & Mutations

Your plain brown scales are hard. (AC +4)
You cannot fit into any form of body armour.
You are cold-blooded and may be slowed by cold attacks.


Message History

You sock the dart slug!
You kill the dart slug!
No target in view!
No target in view!
No target in view!
No target in view!
No target in view!
No target in view!
No target in view!
No target in view!
No target in view!
No target in view!
No target in view!
No target in view!
No target in view!
No target in view!
No target in view!
No target in view!
There is a faded altar of an unknown god here.
You see here a scroll of immolation.
f - a scroll of immolation This altar belongs to (a) Gozag, (b) Dithmenos or (c) Okawaru, but you can't tell which.
Press the corresponding letter to learn more about a god, or press enter to convert or escape to cancel.
Gozag accepts your prayer! Gozag welcomes you!
Gozag waives the service fee.
g - a scroll labelled CYRUIHU FAOWK You now have 35 gold pieces (gained 17).
Found a ring mail.
You open the door.
There is an open door here.
h - a viscous pink potion A frilled lizard comes into view.
A frilled lizard is nearby!
A frilled lizard is nearby!
The helpless frilled lizard fails to defend itself.
You hit the frilled lizard.
The frilled lizard is moderately wounded.
The frilled lizard closely misses you.
Autopickup is now off.
Are you sure you want to abandon this character and quit the game? (Confirm with "yes".)

#. #.# #. #.#
##.## ...##...##
#.......######.#
#...##...#.......#
##. #..##.#######
#.###.###.#
......l@.#
####.##### .. #


You could see a frilled lizard.

Vanquished Creatures
  A dart slug (D:1)
  A goblin (D:1)
  3 jackals (D:1)
  A quokka (D:1)
  3 bats (D:1)
  2 kobolds (D:1)
  A rat (D:1)
12 creatures vanquished.

Notes
Turn   | Place    | Note
-------+----------+-------------------------------------------
     0 | D:1      | freelancePsychic the Draconian Wanderer began the quest for
                  | the Orb.
     0 | D:1      | freelancePsychic set off with the following items: a +0
                  | quarterstaff, a +2 hat, a scroll of teleportation {@r4}, a
                  | potion of brilliance.
     0 | D:1      | Reached XP level 1. HP: 17/17 MP: 2/2
   219 | D:1      | Reached XP level 2. HP: 25/25 MP: 3/3
   297 | D:1      | Found a faded altar of an unknown god.
   311 | D:1      | Prayed at the altar of an unknown god.
   311 | D:1      | Became a worshipper of Gozag Ym Sagoz the Greedy
   361 | D:1      | Quit the game

Illustrated notes

Levels and vault maps discovered:
D:1:      ldierk_walled_garden_2, layout_loops_corners,
          hellmonk_ecumenical_altar_blasted

Action                     || total
---------------------------++-------
  Melee: Quarterstaff      ||    39
         Tailslap          ||     3
   Stab: Sleeping          ||     1
 Armour: Skin              ||    17
  Dodge: Dodged            ||    36
